AoeStats
← RustBuckets

Arena

508363277Analyzed
4v4 RM · 12d ago on Sep 22, 2026· 44m 55s· 8 players
Game mode
Random Map
Map size
Large (8 player)
Population
200
Speed
Normal
Resources
Standard
Victory
Conquest
Starting age
Dark Age
Ending age
Imperial Age
RankedLock teamsTeams togetherTeam positionsShared explorationLock speedFull tech treeHidden civsTurbo modeCheats
Victory
Defeat
🇨🇳 Bengalis · China
1122
+15
🇷🇺 Bulgarians · Russia
1106
+16
🇨🇳 Tupi · China
1084
+17
🇺🇸 Teutons · United States
1056
+18
🇵🇪 Cumans · Peru
1149
-18
🇵🇪 Britons · Peru
1130
-18
🇺🇸 Bohemians · United States
1125
-17
🇲🇽 Gurjaras · Mexico
1016
-13
StanTheMan
11:19 Feudal Age
15:53 Castle Age
14:02 Double-Bit Axe
13:59 Horse Collar
14:31 Gold Mining
17:31 Bow Saw
18:29 Loom
18:54 Pikeman
23:52 Heavy Plow
28:42 Forging
35:13 Imperial Age
35:46 Wheelbarrow
35:06 Stone Mining
35:44 Fletching
35:54 Padded Archer Armor
37:04 Chemistry
36:26 Siege Engineers
37:29 Two-Man Saw
37:10 Crop Rotation
36:21 Halberdier
36:27 Elite Skirmisher
37:39 Leather Archer Armor
38:42 Scale Mail Armor
39:23 Ring Archer Armor
42:21 Onager
44:17 Iron Casting
43:57 Chain Mail Armor
YOU B4STARD!
10:36 Feudal Age
11:16 Double-Bit Axe
11:14 Horse Collar
17:07 Castle Age
18:14 Heavy Plow
20:20 Bow Saw
25:31 Wheelbarrow
27:27 Fletching
27:39 Padded Archer Armor
28:16 Hand Cart
31:46 Imperial Age
30:33 Bodkin Arrow
30:54 Leather Archer Armor
31:25 Loom
32:06 Ballistics
33:02 Conscription
33:10 Bow Saw
34:44 Chemistry
33:31 Arrowslits
33:49 Bracer
35:24 Elite Blackwood Archer
42:50 Murder Holes
42:36 Treadmill Crane
43:30 Ring Archer Armor
45:08 Stone Mining
45:10 Gold Mining
46:23 Two-Man Saw
品浩
11:45 Feudal Age
16:38 Castle Age
14:42 Double-Bit Axe
15:41 Horse Collar
17:57 Bow Saw
17:50 Heavy Plow
24:37 Wheelbarrow
24:36 Gold Mining
26:48 Hand Cart
29:39 Imperial Age
26:55 Loom
27:58 Gold Shaft Mining
27:14 Stone Mining
27:16 Fletching
29:04 Bodkin Arrow
29:09 Padded Archer Armor
28:54 Treadmill Crane
29:35 Ballistics
29:26 Masonry
30:24 Bracer
30:40 Leather Archer Armor
32:03 Two-Man Saw
31:51 Ring Archer Armor
31:27 Scale Barding Armor
32:25 Chemistry
31:31 Siege Engineers
31:55 Bloodlines
31:45 Husbandry
31:13 Elite Elephant Archer
32:41 Conscription
32:26 Paiks
32:18 Town Watch
33:04 Chain Barding Armor
32:55 Forging
34:29 Architecture
34:05 Light Cavalry
35:22 Mahayana
36:57 Plate Barding Armor
36:57 Iron Casting
36:31 Town Patrol
37:58 Fortified Wall
38:54 Blast Furnace
40:48 Caravan
40:58 Guilds
41:19 Coinage
*
0:31 Loom
10:10 Feudal Age
11:53 Fletching
16:27 Scale Mail Armor
24:38 Forging
26:37 Double-Bit Axe
26:34 Horse Collar
28:05 Wheelbarrow
34:04 Castle Age
34:32 Wheelbarrow
33:58 Arson
35:09 Gambesons
35:24 Squires
36:26 Chain Mail Armor
36:47 Iron Casting
37:01 Bodkin Arrow
36:48 Pikeman
39:43 Murder Holes
44:21 Hand Cart
dantealhz
0:35 Loom
10:33 Feudal Age
17:43 Castle Age
16:40 Forging
16:39 Scale Barding Armor
16:27 Horse Collar
16:34 Double-Bit Axe
17:27 Wheelbarrow
16:38 Town Watch
17:59 Gold Mining
18:30 Forging
18:26 Scale Barding Armor
20:11 Town Watch
25:12 Scale Barding Armor
27:33 Iron Casting
29:01 Heavy Plow
31:31 Bloodlines
31:27 Husbandry
32:41 Chain Barding Armor
33:39 Hand Cart
38:32 Imperial Age
37:20 Fletching
38:09 Kshatriyas
RustBuckets
11:22 Feudal Age
9:39 Loom
11:52 Double-Bit Axe
20:28 Horse Collar
23:02 Castle Age
22:16 Forging
22:08 Scale Mail Armor
22:16 Man-at-Arms
23:22 Pikeman
24:48 Chain Mail Armor
24:52 Squires
28:59 Iron Casting
29:10 Bow Saw
30:28 Wagenburg Tactics
31:23 Wheelbarrow
30:34 Town Watch
32:47 Town Patrol
33:41 Fletching
35:34 Chemistry
35:49 Bodkin Arrow
36:07 Masonry
35:42 Treadmill Crane
36:13 Masonry
37:09 Ballistics
40:42 Imperial Age
Theviper
10:02 Feudal Age
10:42 Double-Bit Axe
25:29 Castle Age
24:58 Wheelbarrow
24:10 Horse Collar
24:20 Loom
25:32 Capped Ram
26:44 Bow Saw
29:49 Heavy Plow
30:40 Hand Cart
31:32 Bloodlines
34:59 Imperial Age
33:10 Scale Barding Armor
33:20 Gold Mining
33:57 Forging
34:58 Chain Barding Armor
36:40 Plate Barding Armor
35:28 Cavalier
37:11 Gold Shaft Mining
38:04 Iron Casting
38:01 Paladin
39:50 Blast Furnace
43:20 Elite Steppe Lancer
45:03 Fletching
DIONEL
10:55 Feudal Age
16:00 Castle Age
14:58 Double-Bit Axe
18:31 Stone Mining
25:16 Horse Collar
25:48 Gold Mining
26:58 Ballistics
29:27 Imperial Age
26:46 Town Watch
27:50 Wheelbarrow
27:49 Bow Saw
28:39 Ballistics
28:15 Murder Holes
28:16 Fletching
28:31 Padded Archer Armor
29:08 Gold Shaft Mining
28:58 Fervor
29:15 Hand Cart
29:00 Town Patrol
29:24 Heavy Plow
30:13 Yeomen
29:59 Treadmill Crane
31:21 Chemistry
32:19 Two-Man Saw
32:54 Conscription
32:46 Siege Engineers
32:40 Bodkin Arrow
33:15 Elite Longbowman
39:32 Masonry
39:17 Murder Holes
43:02 Hoardings
43:24 Bracer
43:35 Forging
43:26 Scale Mail Armor
43:33 Pikeman
44:13 Squires
43:59 Arson
43:59 Gambesons
Connection lost

Rejoining the realm…

Still unreachable

The connection could not be restored.

Session expired

The server has moved on; the page needs a fresh start.